 Dungeon Crawl Stone Soup version 0.17.0-28-g6e173f8 (webtiles) character file.

53 plasmid the Changer (level 3, 0/29 HPs)
             Began as a Draconian Transmuter on Nov 30, 2015.
             Succumbed to an adder's poison
             ... on level 2 of the Dungeon.
             The game lasted 00:13:00 (1152 turns).

plasmid the Changer (Draconian Transmuter)          Turns: 1152, Time: 00:13:00

Health: 0/29       AC:  6    Str: 12    XL:     3   Next: 64%
Magic:  6/6        EV: 12    Int: 14    God:
Gold:   63         SH:  0    Dex: 11    Spells: 2 memorised, 2 levels left

rFire  . . .     SeeInvis +     e - +5 mace (crush)
rCold  . . .     Clarity  .     (armour unavailable)
rNeg   . . .     SustAt   .     (no shield)
rPois  .         Gourm    .     (helmet restricted)
rElec  .         Spirit   .     (no cloak)
rCorr  .         Warding  .     r - +0 pair of gloves
rMut   .         Stasis   .     (no boots)
MR     .....                    (no amulet)
Stlth  +.........               (no ring)
                                p - ring of see invisible

@: lethally poisoned (0 -> -6), very slightly contaminated, drained, not
resistant to hostile enchantments, very unstealthy
A: unfitting armour, cold-blooded, AC +5
a: no special abilities


You were on level 2 of the Dungeon.
You were hungry.

You visited 1 branch of the dungeon, and saw 2 of its levels.

You collected 63 gold pieces.

Inventory:

Hand Weapons
 e - a +5 mace of crushing (weapon)
 f - a +0 club
 h - a +0 hand axe
 i - a +0 club
 k - a +1 hunting sling
 l - a +0 short sword
 m - a +0 whip
 q - a +0 club
 s - a +0 club
 x - a +0 club
 y - a +0 short sword
 A - a +0 hunting sling
 B - a +2 dagger of draining
Missiles
 a - 29 arrows (quivered)
 o - 8 stones
Armour
 r - a +0 pair of gloves (worn)
Jewellery
 p - a ring of see invisible (left hand)
Scrolls
 j - a scroll of remove curse
Books
 b - a book of Changes

   Spells                             Type                      Level
   a - Beastly Appendage              Transmutation                1
   b - Sticks to Snakes               Transmutation                2
   c - Spider Form                    Transmutation/Poison         3
   d - Ice Form                       Ice/Transmutation            4
   e - Blade Hands                    Transmutation                5
Comestibles
 c - a bread ration
 g - 2 meat rations
 n - 6 chunks of flesh
 t - 2 slices of pizza
 z - 4 fruits


   Skills:
 + Level 1.7(1.1) Fighting
 - Level 1.7(1.2) Dodging
 - Level 3.0(2.4) Unarmed Combat
 - Level 2.0(1.4) Spellcasting
 + Level 3.8(3.3) Transmutations


You had 2 spell levels left.
You knew the following spells:

 Your Spells              Type           Power        Failure   Level  Hunger
a - Beastly Appendage     Trmt           ##....       10%         1    ##.....
b - Spider Form           Trmt/Pois      #.........   38%         3    ####...


Dungeon Overview and Level Annotations

Branches:
Dungeon (2/15)

Altars:
Fedhas
Gozag
Sif Muna
Trog


Innate Abilities, Weirdness & Mutations

Your plain brown scales are hard (AC +5).
Your body does not fit into most forms of armour.
You are cold-blooded and may be slowed by cold attacks.


Message History

You closely miss the adder.
* * * LOW HITPOINT WARNING * * *
You feel sick. The adder barely misses you. The adder bites you.
* * * LOW HITPOINT WARNING * * *
You are more poisoned.
The adder poisons you!
You closely miss the adder.
* * * LOW HITPOINT WARNING * * *
You feel sick. The adder closely misses you. The adder closely misses you.
You hit the adder.
The adder is moderately wounded.
* * * LOW HITPOINT WARNING * * *
You feel sick. The adder bites you but does no damage.
The adder closely misses you.
You hit the adder.
Your tail-slap misses the adder.
The adder is almost dead.
The adder completely misses you. The adder barely misses you.
You hit the adder.
You kill the adder!
You die...

#........#.....
#......###.....
#......###.....
##.....##......
###..>.......#
#####..#...###.#
#...%.((.#...#.#######
#.##..#..#.#.#.##....#
#....##.##.#...@†..#.#
#.##.......###.##..# #
## #.##.#### #.......#
#....# #########
######


There were no monsters in sight!

Vanquished Creatures
  2 adders (D:2)
  An ooze (D:2)
  A giant cockroach (D:2)
  3 goblins
  3 hobgoblins (D:1)
  4 jackals (D:2)
  5 kobolds
  5 bats (D:1)
  A giant newt (D:1)
  2 rats (D:1)
27 creatures vanquished.

Notes
Turn   | Place    | Note
--------------------------------------------------------------
     0 | D:1      | plasmid the Draconian Transmuter began the quest for the Orb.
     0 | D:1      | Reached XP level 1. HP: 16/16 MP: 3/3
    18 | D:1      | Noticed an electric eel
   340 | D:1      | Reached XP level 2. HP: 15/23 MP: 3/5
   650 | D:2      | Found an opulent altar of Gozag.
   663 | D:2      | Found a bloodstained altar of Trog.
   665 | D:2      | Found a deep blue altar of Sif Muna.
   817 | D:2      | Found a blossoming altar of Fedhas.
   874 | D:2      | Reached XP level 3. HP: 14/28 MP: 4/6
   981 | D:1      | You fall through a shaft!
  1027 | D:2      | Learned a level 3 spell: Spider Form
  1150 | D:2      | HP: 1/28 [poisoned by an adder]
  1152 | D:2      | Succumbed to an adder's poison

Action                   || total
-------------------------++-------
Melee: Unarmed           ||   125
       Mace              ||     5
Throw: Stone             ||     2
 Cast: Beastly Appendage ||    18
  Use: Scroll            ||     4
       Potion            ||     2
  Eat: Chunk             ||     1
